 Dungeon Crawl Stone Soup version 0.27-a0-215-g68775813e2 (webtiles) character file.

Game seed: 7980766384476225389

139813 KennyOmg the Severer (level 16, 0/152 HPs)
             Began as a Minotaur Berserker on Jan 29, 2021.
             Was the Champion of Trog.
             Killed from afar by a thorn hunter (16 damage)
             ... with a volley of thorns
             ... on level 3 of the Swamp on Jan 31, 2021.
             The game lasted 00:53:49 (29825 turns).

KennyOmg the Severer (Minotaur Berserker)          Turns: 29825, Time: 00:53:49

Health: 0/152      AC: 23    Str: 29    XL:     16   Next: 74%
Magic:  15/15      EV: 17    Int: 11    God:    Trog [******]
Gold:   2811       SH:  0    Dex: 10    Spells: 15/15 levels left

rFire    + . .     SeeInvis .   a - +9 executioner's axe (flame)
rCold    . . .     Faith    +   (shield currently unavailable)
rNeg     . . .     Spirit   .   m - +6 scale mail of Untruth {Will++}
rPois    +         Reflect  .   (helmet restricted)
rElec    .         Harm     .   A - +0 cloak
rCorr    +         Rampage  .   h - +1 pair of gloves
Will     +++..                  s - +1 pair of boots
Stlth    +.........             K - amulet of faith {!P}
HPRegen  0.35/turn              X - ring of Zuteme Efyi {rF+ rCorr Str+3}
MPRegen  0.14/turn              D - ring "Naoma" {rPois Int+4 Slay+6 Stlth+}

@: no status effects
A: retaliatory headbutt, horns 2
a: Renounce Religion, Berserk, Trog's Hand, Brothers in Arms


You were on level 3 of the Swamp.
You worshipped Trog.
Trog was exalted by your worship.
You visited 4 branches of the dungeon, and saw 26 of its levels.
You also visited: Sewer.

You collected 3750 gold pieces.
You spent 939 gold pieces at shops.

Inventory:

Hand Weapons
 a - a +9 executioner's axe of flaming (weapon)
   (Trog gifted it to you on level 3 of the Lair of Beasts)
 b - the +8 mace "Bohidutz" {vorpal, Str+4}
   (You found it on level 6 of the Lair of Beasts)

   It inflicts extra damage upon your enemies.
   It affects your strength (+4).
 E - a +5 vorpal battleaxe
   (Trog gifted it to you on level 1 of the Swamp)
 Z - the +9 broad axe "Giter" {vorpal, rF+ rC+ Str-5 Int+3}
   (Trog gifted it to you on level 8 of the Dungeon)

   It inflicts extra damage upon your enemies.
   It affects your strength (-5).
   It affects your intelligence (+3).
   It protects you from fire.
   It protects you from cold.
Missiles
 y - a throwing net {!f}
 T - 749 stones
Armour
 h - a +1 pair of gloves (worn)
   (You found it on level 11 of the Dungeon)
 m - the +6 scale mail of Untruth (worn) {Will++}
   (You found it on level 7 of the Dungeon)

   It affects your willpower, your defense against some magical effects.
 s - a +1 pair of boots (worn)
   (You found it on level 6 of the Dungeon)
 A - a +0 cloak (worn)
   (You took it off Crazy Yiuf on level 7 of the Dungeon)
Jewellery
 z - an uncursed ring of see invisible
   (You found it on level 15 of the Dungeon)
 D - the ring "Naoma" (right hand) {rPois Int+4 Slay+6 Stlth+}
   (You found it on level 5 of the Dungeon)

   [ring of stealth]

   It affects your intelligence (+4).
   It affects your accuracy and damage with ranged weapons and melee attacks
   (+6).
   It protects you from poison.
   It makes you more stealthy.
 K - an amulet of faith (around neck) {!P}
   (You found it on level 6 of the Dungeon)
 X - the ring of Zuteme Efyi (left hand) {rF+ rCorr Str+3}
   (You acquired it on level 15 of the Dungeon)

   [ring of resist corrosion]

   It affects your strength (+3).
   It protects you from fire.
   It provides partial protection from all sources of acid and corrosion.
Wands
 d - a wand of iceblast (8)
   (You found it on level 6 of the Lair of Beasts)
 t - a wand of flame (83)
   (You took it off Sonja on level 3 of the Lair of Beasts)
 u - a wand of paralysis (24)
   (You found it on level 2 of the Dungeon)
 v - a wand of digging (11)
   (You found it on level 8 of the Dungeon)
 x - a wand of acid (4)
   (You found it on level 15 of the Dungeon)
 G - a wand of mindburst (16)
   (You found it on level 1 of the Lair of Beasts)
 N - a wand of charming (23)
   (You found it on level 9 of the Dungeon)
 Q - a wand of polymorph (23)
   (You found it on level 12 of the Dungeon)
Scrolls
 e - 5 scrolls of identify {@r1}
 i - 12 scrolls of teleportation {@r4}
 k - 9 scrolls of remove curse {@r2}
 l - 2 scrolls of enchant weapon
 o - a scroll of silence
 r - 7 scrolls of magic mapping
 C - 2 scrolls of immolation {!r}
 I - a scroll of blinking
 O - 5 scrolls of enchant armour
 S - a scroll of summoning
 U - 4 scrolls of fear
 V - 2 scrolls of fog
Potions
 c - 3 potions of magic
 f - 10 potions of curing {@q1}
 g - a potion of resistance
 j - 3 potions of ambrosia
 p - 2 potions of lignification {!q}
 q - 2 potions of might
 w - 10 potions of flight
 B - 7 potions of attraction {!q}
 F - a potion of haste {@q3}
 J - 7 potions of mutation {!q}
 L - a potion of berserk rage
 P - 3 potions of heal wounds {@q2}
 R - 3 potions of cancellation
 W - a potion of invisibility
Miscellaneous
 H - a phantom mirror
   (You found it on level 14 of the Dungeon)


   Skills:
 + Level 16.7 Fighting
 * Level 20.3 Axes
 + Level 16.5 Armour
 + Level 15.3 Dodging


You had 15 spell levels left.
You didn't know any spells.
Your spell library was empty.

Dungeon Overview and Level Annotations

Branches:
Dungeon (15/15)            Temple (0/1) D:4            Lair (6/6) D:9
  Swamp (3/4) Lair:3       Spider (0/4) Lair:4        Slime (0/5) Lair:6
    Orc (2/2) D:10            Elf (0/3) Orc:2        Vaults (0/5) D:14
 Depths (0/5) D:15          Sewer (visited)

Altars:
Ashenzari
Dithmenos
Fedhas
Makhleb
Ru
Sif Muna
Uskayaw
Beogh

Shops:
D:5 =   D:7 !?:   D:10 [(   D:12 [   D:14 !   Orc:2 [(*(

Annotations:
D:15 3 runed translucent doors, Munteil's ghost, journeyman DgFi


Innate Abilities, Weirdness & Mutations

You reflexively headbutt those who attack you in melee.
You have a pair of horns on your head.


Message History

The volley of thorns hits you.
* * * LOW HITPOINT WARNING * * *
You enter the shallow water.
Moving in this stuff is going to be slow.
The thorn hunter hits you.
* * * LOW HITPOINT WARNING * * *
The thorn hunter hits you but does no damage.
The thorn hunter fires a volley of thorns at you.
The volley of thorns hits you!
* * * LOW HITPOINT WARNING * * *
You barely miss the thorn hunter. You headbutt the thorn hunter.
You slice the briar patch!! You burn the briar patch.
You destroy the briar patch!
You are struck by the briar patch's thorns.
* * * LOW HITPOINT WARNING * * *
You hit the briar patch but do no damage.
The briar patch crumbles away.
The thorn hunter barely misses you.
The thorn hunter hits you but does no damage.
Your unstable footing causes you to fumble your attack.
The thorn hunter completely misses you. The thorn hunter barely misses you.
You slice the thorn hunter!! You burn the thorn hunter.
Your headbutt misses the thorn hunter. You slice the briar patch!!
You burn the briar patch.
You destroy the briar patch!
The thorn hunter fires a volley of thorns at you.
The volley of thorns hits you!!
* * * LOW HITPOINT WARNING * * *
The thorn hunter closely misses you. The thorn hunter hits you.
* * * LOW HITPOINT WARNING * * *
You feel much better.
The thorn hunter gestures.
Thorny briars emerge from the ground!
You slash the thorn hunter! You burn the thorn hunter.
The thorn hunter completely misses you. The thorn hunter closely misses you.
Your unstable footing causes you to fumble your attack.
The thorn hunter hits you!
* * * LOW HITPOINT WARNING * * *
The thorn hunter hits you but does no damage.
The thorn hunter fires a volley of thorns at you.
The volley of thorns hits you!!
* * * LOW HITPOINT WARNING * * *
You chop the thorn hunter into pieces!!!
You burn the thorn hunter!!
You headbutt the thorn hunter, but do no damage.
The briar patch crumbles away.
The thorn hunter gestures.
Thorny briars emerge from the ground!
The thorn hunter fires a volley of thorns at you.
The volley of thorns hits you!
You die...

♣♣♣≈♣ /.≈≈ ≈.♣
♣≈.<♣♣♣..≈♣ .PP♣♣
♣♣PPP♣≈.≈≈≈♣
≈PPPP♣♣♣♣PPP≈≈≈≈≈≈≈♣
≈PP...♣≈.≈≈..≈≈≈≈≈.≈
≈PP≈≈≈......<≈≈≈≈≈.≈
≈PP≈≈≈.......≈≈≈≈≈≈≈
≈PP≈..>≈.≈≈..≈≈≈§≈≈≈
≈≈≈.≈.?@≈≈P.♣≈...≈≈≈
≈§..≈≈≈≈f≈P≈§♣§♣.§≈≈
...≈≈≈≈≈≈≈P≈.≈≈≈≈≈≈.
..♣♣≈§≈§≈≈≈..≈≈≈≈≈.♣
≈ .≈♣..≈≈≈≈..≈≈≈≈≈≈.
≈[.≈≈≈≈≈≈≈≈..≈≈≈≈≈.
≈...≈≈≈≈≈≈≈≈..≈≈≈≈≈.
.♣♣≈.≈≈..≈≈..♣.....


You could see a thorn hunter.

Vanquished Creatures
  Rupert (Orc:2)
  Kirke (D:15)
  2 orc warlords
  3 eleionomae
  Snorg (D:13)
  A shambling mangrove (Swamp:1)
  Fannar (Orc:1)
  4 vault guards (D:14)
  11 hydras
  A boulder beetle (shapeshifter) (D:15)
  A boulder beetle (D:15)
  6 ogre magi
  A centaur warrior (D:14)
  A ghost crab (Swamp:1)
  2 catoblepae
  27 two-headed ogres
  8 alligators
  A deep troll shaman (Lair:6)
  11 death yaks
  Sonja (Lair:3)
  Urug (D:13)
  A fire crab (shapeshifter) (D:15)
  An unseen horror (D:11)
  3 swamp dragons
  2 bog bodies
  2 goliath frogs (Swamp:1)
  An orange crystal statue (D:10)
  2 lindwurms
  An orc knight (D:14)
  2 ugly things
  A deep elf pyromancer (D:14)
  A wolf spider (Lair:4)
  7 elephants
  2 orc sorcerers
  A cyclops (shapeshifter) (D:15)
  2 will-o-the-wisps
  3 oklob plants (Lair:2)
  A manticore (D:15)
  4 centaur zombies
  A guardian serpent (shapeshifter) (D:15)
  3 cyclopes
  A torpor snail (shapeshifter) (D:15)
  3 black mambas
  7 centaur skeletons
  3 gargoyles
  Maggie (D:6)
  5 rime drakes
  7 cane toads
  A yaktaur (D:15)
  2 tengu conjurers (D:13)
  9 komodo dragons
  A wind drake (shapeshifter) (D:15)
  A polar bear (Lair:6)
  8 trolls
  A wolf spider simulacrum (D:15)
  Grinder (Sewer)
  A tyrant leech (Swamp:2)
  Prince Ribbit (D:6)
  26 dream sheep
  11 hornets
  26 blink frogs
  14 slime creatures
  2 vampires
  2 wraiths
  58 yaks
  6 spriggans (Swamp:2)
  3 water elementals (D:14)
  3 shadows
  5 wyverns
  A hog (D:15)
  2 basilisks
  3 wargs
  3 vampire mosquitoes (D:15)
  A steam dragon (D:9)
  A soldier ant (D:12)
  9 swamp worms
  8 water moccasins
  3 swamp drakes
  29 orc warriors
  9 ice beasts
  6 phantoms
  A sky beast (D:5)
  4 black bears
  5 necrophages (D:8)
  31 ogres
  4 boggarts (D:15)
  An eye of draining (D:12)
  21 centaurs
  56 wolves
  5 big kobolds
  19 bullfrogs
  A wyvern skeleton (D:10)
  5 scorpions
  11 killer bees
  6 wights
  4 electric eels (D:14)
  4 howler monkeys
  4 jellies
  A quasit (D:14)
  2 bullfrog skeletons
  14 hounds
  15 orc priests
  Crazy Yiuf (D:7)
  7 iguanas
  12 orc wizards
  6 hell rats (Lair:5)
  6 worker ants
  2 big kobold zombies (Sewer)
  2 hound skeletons
  Robin (D:2)
  12 gnolls
  A worker ant zombie (D:8)
  9 adders
  4 shadow imps
  2 white imps
  5 ufetubi
  2 oozes (Sewer)
  An adder zombie (Sewer)
  An adder skeleton (D:4)
  4 worms
  A dart slug (D:2)
  4 leopard geckos
  95 orcs
  4 giant cockroaches
  10 goblins
  10 hobgoblins
  21 jackals
  36 kobolds
  4 quokkas
  3 ball pythons
  9 bats
  7 frilled lizards
  A giant cockroach zombie (Sewer)
  A leopard gecko skeleton (D:6)
  A leopard gecko zombie (D:8)
  A quokka skeleton (D:7)
  8 rats
  9 briar patches (Swamp:3)
  5 bushes
933 creatures vanquished.

Vanquished Creatures (collateral kills)
  2 orc knights (Orc:1)
  An orc sorcerer (Orc:1)
  3 orc warriors (Orc:1)
  An ogre (Orc:1)
  2 orcs (Orc:1)
9 creatures vanquished.

Vanquished Creatures (others)
  2 bloated husks
  2 humans (D:15)
  A briar patch (Swamp:3)
  6 foxfires (Swamp:2)
  35 fungi
  36 plants
82 creatures vanquished.

Grand Total: 1024 creatures vanquished

Notes
Turn   | Place    | Note
-------+----------+-------------------------------------------
     0 | D:1      | KennyOmg the Minotaur Berserker began the quest for the
                  | Orb.
     0 | D:1      | Reached XP level 1. HP: 19/19 MP: 0/0
    75 | D:1      | Reached XP level 2. HP: 27/27 MP: 1/1
    78 | D:1      | Reached skill level 4 in Axes
   828 | D:2      | Reached ** piety under Trog
   829 | D:2      | Reached XP level 3. HP: 19/33 MP: 2/2
  1127 | D:2      | Found a shimmering blue altar of Sif Muna.
  1451 | D:3      | Found a sacrificial altar of Ru.
  1482 | D:3      | Reached XP level 4. HP: 34/40 MP: 3/3
  1630 | D:3      | Found a broken altar of Ashenzari.
  1680 | D:3      | Found a hide-covered altar of Uskayaw.
  1693 | D:3      | Reached skill level 5 in Axes
  2076 | D:2      | Noticed Robin
  2084 | D:2      | Reached XP level 5. HP: 46/47 MP: 4/4
  2088 | D:2      | Killed Robin
  2876 | D:4      | Reached *** piety under Trog
  2941 | D:4      | Found a broken altar of Ashenzari.
  3310 | D:4      | Found a staircase to the Ecumenical Temple.
  3899 | D:5      | Entered Level 5 of the Dungeon
  3909 | D:5      | Noticed a centaur
  3917 | D:5      | Killed a centaur
  3918 | D:5      | Reached skill level 5 in Fighting
  3918 | D:5      | Reached skill level 6 in Axes
  3918 | D:5      | Reached XP level 6. HP: 19/56 MP: 5/5
  4188 | D:5      | Noticed a sky beast
  4202 | D:5      | Killed a sky beast
  4403 | D:5      | Noticed a troll
  4409 | D:5      | Killed a troll
  4410 | D:5      | Reached skill level 7 in Axes
  4410 | D:5      | Reached XP level 7. HP: 47/61 MP: 6/6
  4720 | D:5      | Got a translucent tin ring
  4721 | D:5      | Identified the ring "Naoma" {rPois Int+4 Slay+6 Stlth+}
                  | (You found it on level 5 of the Dungeon)
  4900 | D:5      | Found Pusmaq's Jewellery Boutique.
  5081 | D:6      | Noticed Maggie
  5089 | D:6      | Killed Maggie
  5090 | D:6      | Reached skill level 8 in Axes
  5090 | D:6      | Reached skill level 5 in Armour
  5090 | D:6      | Reached XP level 8. HP: 47/70 MP: 7/7
  5305 | D:6      | Found a glowing drain.
  5314 | D:6      | Reached skill level 5 in Dodging
  5318 | D:6      | Noticed Prince Ribbit
  5322 | Sewer    | Entered a sewer
  5460 | Sewer    | Found an ancient bone altar of Kikubaaqudgha.
  5478 | Sewer    | Reached **** piety under Trog
  5522 | Sewer    | Got a heavily runed ring mail
  5533 | Sewer    | Identified the +1 ring mail "Camoc" {*Slow rElec Regen+}
                  | (You found it in a sewer)
  5589 | Sewer    | Noticed Grinder
  5592 | Sewer    | Paralysed by Grinder for 4 turns
  5599 | Sewer    | Killed Grinder
  5600 | Sewer    | Reached skill level 9 in Axes
  5989 | D:6      | Killed Prince Ribbit
  6284 | D:7      | Reached XP level 9. HP: 77/79 MP: 8/8
  6427 | D:7      | Found Fesiodyun's Magic Scroll Boutique.
  6488 | D:7      | Found Ippeasar's Book Shop.
  6532 | D:7      | Found Plog's Distillery.
  6582 | D:7      | Found a burning altar of Makhleb.
  6607 | D:7      | Found a shadowy altar of Dithmenos.
  6612 | D:7      | Reached skill level 10 in Axes
  6681 | D:7      | Got a crude scale mail
  6692 | D:7      | Identified the +6 scale mail of Untruth {Will++} (You found
                  | it on level 7 of the Dungeon)
  6890 | D:7      | Found a runed translucent door.
  6891 | D:7      | Noticed Crazy Yiuf
  7029 | D:7      | Killed Crazy Yiuf
  7272 | D:8      | Reached ***** piety under Trog
  7392 | D:8      | Received a gift from Trog
  7395 | D:8      | Got a masterwork broad axe {god gift}
  7396 | D:8      | Identified the +9 broad axe "Giter" {vorpal, rF+ rC+ Str-5
                  | Int+3} (Trog gifted it to you on level 8 of the Dungeon)
  7709 | D:8      | Reached skill level 11 in Axes
  7997 | D:8      | Found a blossoming altar of Fedhas.
  8144 | D:8      | Reached XP level 10. HP: 84/90 MP: 9/9
  8390 | D:9      | Noticed a two-headed ogre
  8397 | D:9      | Killed a two-headed ogre
  8398 | D:9      | Reached skill level 12 in Axes
  8716 | D:9      | Found a staircase to the Lair.
  8936 | D:9      | Reached skill level 13 in Axes
  9167 | D:10     | Entered Level 10 of the Dungeon
  9226 | D:10     | Found a staircase to the Orcish Mines.
  9227 | D:10     | Found Beremypp's Armour Shoppe.
  9319 | D:10     | Found Awnoo's Weapon Shoppe.
  9356 | D:10     | Reached skill level 14 in Axes
  9384 | D:10     | Noticed a two-headed ogre
  9389 | D:10     | Killed a two-headed ogre
  9510 | D:10     | Noticed an orange crystal statue
  9520 | D:10     | Killed an orange crystal statue
  9521 | D:10     | Reached XP level 11. HP: 95/95 MP: 1/10
  9535 | D:10     | Reached skill level 15 in Axes
  9874 | D:10     | Received a gift from Trog
 10222 | D:11     | Killed an unseen horror
 10223 | D:11     | Reached skill level 16 in Axes
 10509 | D:11     | Noticed a red ugly thing
 10514 | D:11     | Killed a red ugly thing
 10919 | D:12     | Noticed a two-headed ogre
 10925 | D:12     | Killed a two-headed ogre
 10999 | D:12     | Received a gift from Trog
 11000 | D:12     | Reached skill level 17 in Axes
 11835 | D:12     | Found Ismyqam's Antique Armour Shop.
 11862 | D:12     | Reached skill level 18 in Axes
 12042 | D:13     | Noticed Urug
 12048 | D:13     | Killed Urug
 12049 | D:13     | Reached XP level 12. HP: 103/103 MP: 11/11
 12518 | D:13     | Noticed Snorg
 12526 | D:13     | Killed Snorg
 12689 | D:13     | Reached skill level 19 in Axes
 13182 | D:14     | Noticed a centaur warrior
 13188 | D:14     | Killed a centaur warrior
 13188 | D:14     | Reached ****** piety under Trog
 13424 | D:14     | Noticed a vault guard
 13430 | D:14     | Received a gift from Trog
 13453 | D:14     | Identified the +11 war axe of Extinguishment {speed, Int+6
                  | Stlth-}
 13464 | D:14     | Noticed a vault guard
 13466 | D:14     | Killed a vault guard
 13467 | D:14     | Reached skill level 20 in Axes
 13475 | D:14     | Killed a vault guard
 13484 | D:14     | Noticed a vault guard
 13484 | D:14     | Noticed a vault guard
 13497 | D:14     | Found a gate to the Vaults.
 13502 | D:14     | Killed a vault guard
 13506 | D:14     | Killed a vault guard
 13507 | D:14     | Reached XP level 13. HP: 47/111 MP: 12/12
 14000 | D:14     | Reached skill level 10 in Fighting
 14403 | D:14     | Found Sikieng's Distillery.
 15046 | D:15     | Entered Level 15 of the Dungeon
 15069 | D:15     | Reached skill level 10 in Armour
 15218 | D:15     | Noticed Kirke
 15228 | D:15     | Killed Kirke
 15473 | D:15     | Reached skill level 10 in Dodging
 15483 | D:15     | Identified a scroll of acquirement
 15487 | D:15     | Acquired the ring of Zuteme Efyi {rF+ rCorr Str+3}
 15914 | D:15     | Noticed an entropy weaver
 15914 | D:15     | Noticed a bunyip
 15914 | D:15     | an entropy weaver changed into a bunyip
 15918 | D:15     | Found a staircase to the Depths.
 15923 | D:15     | a bunyip changed into a boulder beetle
 16241 | D:15     | Found a runed translucent gate.
 16241 | D:15     | Found a runed translucent gate.
 16241 | D:15     | Noticed Munteil's ghost (journeyman DgFi)
 16242 | D:15     | Found a runed translucent gate.
 16246 | D:15     | Noticed a sphinx
 16255 | D:15     | Reached XP level 14. HP: 109/125 MP: 13/13
 16658 | Lair:1   | Entered Level 1 of the Lair of Beasts
 16704 | Lair:1   | Received a gift from Trog
 18823 | Lair:3   | Noticed Sonja
 18830 | Lair:3   | Killed Sonja
 18860 | Lair:3   | Got a heavily runed ring mail
 18870 | Lair:3   | Received a gift from Trog
 19047 | Lair:3   | Identified the +1 ring mail of the Robin {Rampage rPois
                  | Dex-3} (You found it on level 3 of the Lair of Beasts)
 19243 | Lair:3   | Found a staircase to the Swamp.
 20386 | Lair:3   | Received a gift from Trog
 20978 | Lair:4   | Found a shimmering blue altar of Sif Muna.
 21208 | Lair:4   | Found a hole to the Spider Nest.
 21504 | Lair:5   | Reached XP level 15. HP: 137/137 MP: 14/14
 22338 | Lair:5   | Got a steaming great sword
 22339 | Lair:5   | Identified the +11 great sword "Nyxkuur" {elec, rPois rF+
                  | rN+ Int-3} (You found it on level 5 of the Lair of Beasts)
 22526 | D:7      | Bought a scroll of acquirement for 624 gold pieces
 22566 | D:7      | Acquired 897 gold pieces
 22902 | Lair:6   | Entered Level 6 of the Lair of Beasts
 23024 | Lair:6   | Received a gift from Trog
 23283 | Lair:6   | Found a frozen archway.
 23680 | Lair:6   | Found a staircase to the Slime Pits.
 24054 | Lair:6   | Reached skill level 15 in Fighting
 24419 | Lair:6   | Got a transparent mace
 24420 | Lair:6   | Identified the +8 mace "Bohidutz" {vorpal, Str+4} (You
                  | found it on level 6 of the Lair of Beasts)
 24834 | Orc:1    | Entered Level 1 of the Orcish Mines
 24844 | Orc:1    | Received a gift from Trog
 24845 | Orc:1    | Reached skill level 15 in Armour
 24937 | Orc:1    | Noticed an orc warlord
 25031 | Orc:1    | Killed an orc warlord
 25444 | Orc:1    | Noticed Fannar
 25464 | Orc:1    | Killed Fannar
 25843 | Orc:2    | Entered Level 2 of the Orcish Mines
 25971 | Orc:2    | Reached XP level 16. HP: 149/149 MP: 15/15
 25982 | Orc:2    | Received a gift from Trog
 26010 | Orc:2    | Found a roughly hewn altar of Beogh.
 26035 | Orc:2    | Noticed Rupert
 26043 | Orc:2    | Killed Rupert
 26294 | Orc:2    | Found Olur's Antique Armour Shop.
 26294 | Orc:2    | Found Hagimon's Assorted Antiques.
 26314 | Orc:2    | Found a roughly hewn altar of Beogh.
 26326 | Orc:2    | Found Nuwit's Weapon Shoppe.
 26328 | Orc:2    | Found Cenualegyj's Weapon Boutique.
 26480 | Orc:2    | Found a staircase to the Elven Halls.
 26739 | Orc:2    | Upgraded the game from 0.27-a0-198-g1307ea1511 to
                  | 0.27-a0-215-g68775813e2
 26867 | Swamp:1  | Entered Level 1 of the Swamp
 26882 | Swamp:1  | Received a gift from Trog
 27245 | Swamp:1  | Reached skill level 15 in Dodging
 28412 | D:7      | Bought a scroll of enchant weapon for 90 gold pieces
 28525 | Orc:2    | Bought a scroll of enchant weapon for 225 gold pieces
 29592 | Swamp:3  | Noticed a thorn hunter
 29825 | Swamp:3  | Killed from afar by a thorn hunter

Illustrated notes

Levels and vault maps discovered:
D:1:      tarquinn_simple_flora_water_c, layout_basic
D:2:      layout_basic, led_sif_pool, uniq_robin
D:3:      layout_loops_ring, nicolae_ru_awakened_eye,
          eat_drink_and_be_merry_uskayaw, minivault_14,
          cheibrodos_ashenzari_chains
D:4:      layout_layer_cave, lemuel_doored_altar, temple_statues,
          hangedman_decor_lopped
D:5:      layout_gridville, serial_shops, kennysheep_mini_moat
D:6:      layout_basic, portal_sewer_entry_a, uniq_maggie, uniq_prince_ribbit1
D:7:      layout_rooms, lightli_temple_of_fire, general_overflow_altar,
          serial_shops, nicolae_shop_statue_plus, nicolae_shop_behind_doors,
          nicolae_shop_crystal, uniq_crazy_yiuf_cottage
D:8:      layout_loops_corners, fedhas_altar_decomposition
D:9:      layout_roguey, grunt_lair_entry_orc_guard_hut,
          kennysheep_generic_room_7
D:10:     layout_basic, orc_david_3, minivault_16
D:11:     layout_basic
D:12:     layout_irregular_city, serial_shops, nicolae_shop_statue_plus,
          st_stairs_5
D:13:     layout_stronghold, kennysheep_path_1, uniq_snorg, uniq_urug
D:14:     layout_basic, lightli_vaults_fourway_checkpoint,
          chequers_serial_rivers_small_a, serial_shops,
          nicolae_shop_competitors_out_of_business, roderic_st_hans_cross
D:15:     gammafunk_enter_depths_forms, layout_cave_pools,
          gammafunk_ghost_split, uniq_kirke
Lair:1:   layout_chaotic_city, st_stairs_3, minivault_24
Lair:2:   layout_small_grid, minmay_lair_oklob_chamber
Lair:3:   layout_roguey, minmay_swamp_entry_wisps, beast_lair_carwin_2,
          uniq_sonja
Lair:4:   layout_roguey, spider_nest_entry_rubble, basic_altar,
          grunt_forest_large_clearings
Lair:5:   layout_small_grid
Lair:6:   grunt_lair_end_beastmaster, layout_small_grid,
          minmay_slime_entry_pillars, portal_ice_cave_entry_ice_beasts
Swamp:1:  layout_falls_marsh, evilmike_swamp_ruin_house_6, swamp_pool1
Swamp:2:  layout_basic_swamp, nicolae_swamp_trees_clearing
Swamp:3:  layout_basic_swamp, lemuel_altar_in_water
Orc:1:    layout_caves, uniq_fannar
Orc:2:    st_orc_ogre_mass, layout_caves, basic_altar, amcnicky_altar_gilded,
          uniq_rupert

Skill      XL: |  1  2  3  4  5  6  7  8  9 10 11 12 13 14 15 16 |
---------------+-------------------------------------------------+-----
Axes           | 4 5 6 7 8 9 11 14 18 20 | 20.3
Fighting       | 4 5 6 7 8 9 11 13 15 16 | 16.7
Armour         | 3 4 5 6 8 9 11 13 15 16 | 16.5
Dodging        | 3 4 6 7 8 10 12 14 15 | 15.3

Action                   |  1- 3 |  4- 6 |  7- 9 | 10-12 | 13-15 | 16-18 || total
-------------------------+-------+-------+-------+-------+-------+-------++-------
Melee: Hand axe          |    78 |    19 |       |       |       |       ||    97
       Headbutt          |     8 |    13 |    34 |    53 |   136 |    42 ||   286
       Battleaxe         |       |    87 |   181 |       |       |       ||   268
       Broad axe         |       |       |    52 |   349 |   668 |   148 ||  1217
       Great mace        |       |       |       |       |    29 |       ||    29
       Mace              |       |       |       |       |    11 |     5 ||    16
       Executioner's axe |       |       |       |       |       |    44 ||    44
Invok: Berserk           |       |     3 |     1 |     5 |     5 |       ||    14
       Brothers in Arms  |       |       |       |       |     3 |       ||     3
  Use: Scroll            |       |     8 |    17 |     6 |    11 |     7 ||    49
       Potion            |       |       |       |     1 |       |     1 ||     2
 Stab: Sleeping          |     1 |       |       |       |       |       ||     1
       Petrified         |       |       |       |       |    12 |       ||    12
       Distracted        |       |       |       |       |     1 |       ||     1
       Petrifying        |       |       |       |       |     1 |       ||     1
Armor: Animal skin       |    25 |     1 |       |       |       |       ||    26
       Chain mail        |       |    51 |    84 |       |       |       ||   135
       Ring mail         |       |     5 |       |       |       |       ||     5
       Scale mail        |       |       |    39 |   190 |   259 |   100 ||   588
Dodge: Dodged            |    63 |    61 |   128 |   189 |   449 |   150 ||  1040
Block: Other             |     1 |    33 |    38 |       |       |       ||    72
       Reflection        |       |     2 |       |       |       |       ||     2

Table legend: (Time is in decaauts)
 A = Elapsed time spent in this place.
 B = Non-inter-level travel time spent in this place.
 C = Inter-level travel time spent in this place.
 D = Time resting spent in this place.
 E = Time spent auto-exploring this place.
 F = Levels seen in this place.
 G = Mean time per level.
                   A        B        C        D        E       F      G
               +--------+--------+--------+--------+--------+-----+--------+
         Total |  29850 |  28027 |   1823 |   4365 |  19538 |  27 | 1105.6 |
       Dungeon |  16814 |  15709 |   1105 |   1831 |  11448 |  15 | 1120.9 |
          Lair |   8348 |   7833 |    515 |   1234 |   5626 |   6 | 1391.3 |
         Swamp |   2323 |   2212 |    111 |    620 |   1300 |   3 |  774.3 |
  Orcish Mines |   1929 |   1838 |     91 |    679 |    892 |   2 |  964.5 |
         Sewer |    434 |    434 |      0 |      0 |    270 |   1 |  434.0 |
               +--------+--------+--------+--------+--------+-----+--------+

Top non-repeatable levels by time:
    D:14: 1893 daAuts
  Lair:3: 1827 daAuts
  Lair:4: 1657 daAuts
  Lair:6: 1581 daAuts
    D:15: 1485 daAuts
 Swamp:2: 1376 daAuts
     D:9: 1207 daAuts
  Lair:1: 1185 daAuts
    D:13: 1134 daAuts
    D:12: 1116 daAuts
     D:5: 1110 daAuts
     D:8: 1098 daAuts
     D:2: 1093 daAuts
  Lair:2: 1088 daAuts
     D:7: 1077 daAuts
